 Dungeon Crawl Stone Soup version 0.25-a0-1119-g28b6fd0c3b (webtiles) character file.

Game seed: 18242234383378343593, levelgen mode: deterministic

41 mortelune the Insei (level 3, 0/23 HPs)
             Began as an Octopode Transmuter on May 17, 2020.
             Succumbed to miscasting Spider Form's poison
             ... on level 2 of the Dungeon.
             The game lasted 00:02:03 (1951 turns).

mortelune the Insei (Octopode Transmuter)           Turns: 1951, Time: 00:02:03

Health: 0/23       AC:  1    Str:  9    XL:     3   Next: 52%
Magic:  3/6        EV: 13    Int: 16    God:
Gold:   71         SH:  0    Dex: 12    Spells: 0/6 levels left

rFire    . . .     SeeInvis .     - Unarmed
rCold    . . .     Gourm    .   (no shield)
rNeg     . . .     Faith    .   (helmet restricted)
rPois    .         Spirit   .   (no amulet)
rElec    .         Reflect  .   (no ring)
rCorr    .         Harm     .   (no ring)
MR       .....                  (no ring)
Stlth    ++........             (no ring)
HPRegen  0.07/turn              (no ring)
MPRegen  0.10/turn              (no ring)
                                (no ring)
                                (no ring)

@: mighty, brilliant, lethally poisoned (0 -> -6), very slightly contaminated
A: almost no armour, stealthy swim, amphibious, 8 rings, constrict 8, camouflage
1, gelatinous body 1
a: no special abilities


You were on level 2 of the Dungeon.
You were not hungry.

You visited 1 branch of the dungeon, and saw 2 of its levels.

You collected 71 gold pieces.

Inventory:

Missiles
 i - 8 poisoned darts (quivered)
 Q - 12 arrows
Scrolls
 a - a scroll of enchant weapon {unknown}
 b - a scroll of amnesia {unknown}
 e - 2 scrolls of identify {unknown}
 h - a scroll of remove curse {unknown}
Potions
 d - a potion of berserk rage {unknown}
Comestibles
 c - 2 rations
 f - 2 chunks of flesh


   Skills:
 + Level 1.6 Fighting
 + Level 2.4 Dodging
 + Level 3.3 Unarmed Combat
 + Level 2.3 Spellcasting
 + Level 2.4 Transmutations


You couldn't memorise any spells.
You knew the following spells:

 Your Spells              Type           Power        Failure   Level  Hunger
a - Beastly Appendage     Tmut           ##....       8%          1    None
b - Sticks to Snakes      Tmut           ##......     11%         2    None
c - Spider Form           Tmut/Pois      #.........   36%         3    None

Your spell library contained the following spells:

 Spells                   Type           Power        Failure   Level  Hunger
 Ice Form                 Ice/Tmut       #.......     77%         4    None
 Blade Hands              Tmut           ##........   90%         5    None


Dungeon Overview and Level Annotations

Branches:
Dungeon (2/15)

Altars:


Innate Abilities, Weirdness & Mutations

You cannot wear most types of armour.
You are very stealthy in the water. (Stealth+)
You are amphibious.
You can wear up to eight rings at the same time.
You can use your tentacles to constrict eight enemies at once.
Your skin changes colour to match your surroundings (Stealth+).
Your rubbery body absorbs attacks. (AC +1, EV +1)


Message History

The quokka bites you.
You see here 10 gold pieces.
The quokka barely misses you. The bat hits you.
Casting: Beastly Appendage (safe; 8% risk of failure)
Confirm with . or Enter, or press ? or * to list all spells.
The spell is extremely dangerous to cast (36% risk of failure)!
Continue anyway?
You miscast Spider Form.
You are very lightly contaminated with residual magic.
You feel incredibly sick!
You are poisoned.
* * * LOW HITPOINT WARNING * * *
x2 You feel sick.
The bat closely misses you.
It was a potion of might.
You feel very mighty all of a sudden. The quokka bites you.
* * * LOW HITPOINT WARNING * * *
It was a potion of brilliance.
You feel clever all of a sudden.
You die...

#.# #. #. #.#... #.# #.
#.# #.#.## #.# #.###
#.#####gr..# #.## #....
#.#.r.g...#
...#####..##
##.g#####.#
.#.........###.#.#
...######.#.#..gb# #.##
##.##.###r#
#.######...#####@#
#...........(.##.?....#
########...##.#####...#
##.## # #.# #.# .# #.#
#.# ..


You could see a quokka, a hobgoblin, a goblin, a bat and a rat.

Vanquished Creatures
  A dart slug (D:1)
  3 leopard geckos
  3 giant cockroaches (D:1)
  6 goblins
  2 hobgoblins
  5 kobolds (D:1)
  A quokka (D:2)
  A ball python (D:1)
  2 bats (D:1)
  5 frilled lizards
  5 rats (D:1)
34 creatures vanquished.

Notes
Turn   | Place    | Note
-------+----------+-------------------------------------------
     0 | D:1      | mortelune the Octopode Transmuter began the quest for the
                  | Orb.
     0 | D:1      | Reached XP level 1. HP: 13/13 MP: 3/3
   283 | D:1      | Reached XP level 2. HP: 17/18 MP: 5/5
   844 | D:1      | Reached XP level 3. HP: 14/23 MP: 6/6
   848 | D:1      | Learned a level 2 spell: Sticks to Snakes
   852 | D:1      | Learned a level 3 spell: Spider Form
  1950 | D:2      | HP: 1/23 [quokka (4)]
  1951 | D:2      | Succumbed to miscasting Spider Form's poison

Illustrated notes

Levels and vault maps discovered:
D:1:      erik_arrival_blinker_ship, layout_basic
D:2:      layout_loops_ring, nicolae_overflow_hidden_temple, grunt_ministairs_13

Action                   || total
-------------------------++-------
Melee: Unarmed           ||    87
       Constrict         ||    20
       Tentacles         ||     9
       Kick              ||     2
       Punch             ||     1
Throw: Dart              ||     4
 Cast: Beastly Appendage ||     5
  Use: Potion            ||     2
 Stab: Sleeping          ||     7
  Eat: Chunk             ||     3
Armor: Skin              ||     7
Dodge: Dodged            ||    53

Table legend:
 A = Non-vault XP
 B = Vault XP
 C = Vault XP percentage of total XP
 D = Non-vault monster count
 E = Vault monster count
 F = Vault count percentage of total count
                 A         B        C        D         E       F
            +---------+---------+-------+---------+---------+-------
      Total |      59 |       0 |   0.0 |      34 |       0 |   0.0
            +---------+---------+-------+---------+---------+-------
        D:1 |      50 |       0 |   0.0 |      29 |       0 |   0.0
        D:2 |       9 |       0 |   0.0 |       5 |       0 |   0.0
            +---------+---------+-------+---------+---------+-------
